AoeStats
← Cinnamoroll

Hill Fort

506312170Analyzed
4v4 RM · 19d ago on Sep 13, 2026· 39m 10s· 8 players
Game mode
Random Map
Map size
Large (8 player)
Population
200
Speed
Normal
Resources
Standard
Victory
Conquest
Starting age
Dark Age
Ending age
Imperial Age
RankedLock teamsTeams togetherTeam positionsShared explorationLock speedFull tech treeHidden civsTurbo modeCheats
Victory
Defeat
🇺🇸 Mongols · United States
1608
+13
🇨🇦 Spanish · Canada
1583
+14
🇺🇸 Poles · United States
1517
+17
🇨🇦 Britons · Canada
1504
+18
🇳🇿 Spanish · New Zealand
1604
-18
🇻🇳 Mapuche · Vietnam
1537
-15
🇨🇳 Persians · China
1524
-15
🇹🇼 Maya · Taiwan
1516
-14
Cinnamoroll
9:05 Feudal Age
9:35 Double-Bit Axe
16:37 Wheelbarrow
16:48 Loom
19:34 Castle Age
17:26 Fishing Lines
17:40 Horse Collar
18:19 Gold Mining
19:32 Bloodlines
20:22 Scale Barding Armor
20:40 Bow Saw
20:31 Heavy Plow
20:23 Gillnets
21:20 Sanctity
21:41 Fervor
21:35 Husbandry
22:16 Town Watch
24:50 Fletching
25:21 Chain Barding Armor
30:47 Hand Cart
30:33 Town Patrol
30:33 Bodkin Arrow
34:14 Imperial Age
32:23 Redemption
32:45 Inquisition
33:17 Stone Mining
33:43 Masonry
35:37 Hoardings
35:03 Bracer
35:49 Theocracy
35:43 Illumination
35:38 Block Printing
36:18 Plate Barding Armor
36:48 Conscription
37:10 Architecture
38:02 Supremacy
38:18 Hoardings
小三輪司機
11:22 Feudal Age
15:46 Castle Age
14:06 Double-Bit Axe
15:42 Loom
19:21 Bow Saw
19:25 Fletching
21:56 Bodkin Arrow
22:51 Town Watch
24:39 Wheelbarrow
24:41 Ballistics
26:19 Padded Archer Armor
33:51 Imperial Age
31:26 Stone Mining
32:20 Leather Archer Armor
32:09 Gold Mining
34:15 Gold Shaft Mining
34:47 Bracer
34:10 Elite Longbowman
36:08 Ring Archer Armor
37:36 Chemistry
39:55 Hand Cart
Eat_Rice
10:40 Feudal Age
15:30 Castle Age
14:00 Double-Bit Axe
15:02 Horse Collar
15:15 Loom
16:33 Bow Saw
16:19 Gold Mining
17:50 Fletching
21:25 Ballistics
22:28 Wheelbarrow
23:03 Bodkin Arrow
26:03 Gold Shaft Mining
28:37 Hand Cart
28:45 Husbandry
29:42 Bloodlines
34:55 Imperial Age
36:02 Bracer
35:30 Elite Mangudai
35:59 Capped Ram
38:05 Chemistry
37:40 Drill
38:55 Parthian Tactics
machpatel
11:19 Feudal Age
15:24 Castle Age
13:38 Double-Bit Axe
15:07 Horse Collar
15:37 Loom
16:28 Heavy Plow
17:30 Bow Saw
21:22 Wheelbarrow
21:10 Gold Mining
23:25 Hand Cart
24:17 Szlachta Privileges
24:19 Scale Barding Armor
25:25 Chain Barding Armor
25:16 Forging
26:07 Bloodlines
25:58 Husbandry
30:19 Iron Casting
40:40 Imperial Age
0.0
10:22 Feudal Age
14:07 Wheelbarrow
17:11 Castle Age
16:24 Double-Bit Axe
16:30 Gold Mining
17:00 Bloodlines
17:22 Scale Barding Armor
17:24 Loom
21:53 Forging
25:23 Husbandry
25:46 Chain Barding Armor
25:37 Forging
30:16 Bow Saw
36:09 Iron Casting
38:38 Hand Cart
Valodimer
9:57 Feudal Age
10:47 Double-Bit Axe
10:51 Horse Collar
16:09 Loom
18:53 Castle Age
17:26 Gold Mining
18:06 Fletching
19:03 Wheelbarrow
19:41 Heavy Plow
19:53 Bow Saw
20:17 Bodkin Arrow
22:21 Padded Archer Armor
22:42 Town Watch
23:39 Ballistics
24:13 Leather Archer Armor
26:04 Stone Mining
ImprovingYeti
12:16 Feudal Age
14:08 Loom
16:32 Castle Age
14:26 Double-Bit Axe
14:44 Horse Collar
18:07 Loom
19:23 Padded Archer Armor
29:04 Wheelbarrow
29:22 Bow Saw
29:20 Heavy Plow
30:27 Fletching
32:37 Husbandry
32:56 Bloodlines
33:01 Leather Archer Armor
34:11 Bodkin Arrow
34:27 Forging
37:29 Imperial Age
35:22 Husbandry
37:43 Elite Conquistador
38:54 Ring Archer Armor
39:35 Conscription
elmor
1:05 Loom
11:08 Feudal Age
15:19 Castle Age
13:48 Double-Bit Axe
14:35 Horse Collar
16:34 Bow Saw
22:31 Fletching
25:11 Bodkin Arrow
27:15 Padded Archer Armor
29:06 Gold Mining
30:16 Leather Archer Armor
33:57 Imperial Age
33:24 Wheelbarrow
33:33 Ballistics
34:47 Bracer
35:49 Chemistry
35:48 Conscription
35:53 Elite Plumed Archer
38:24 Ring Archer Armor
38:10 Thumb Ring
Connection lost

Rejoining the realm…

Still unreachable

The connection could not be restored.

Session expired

The server has moved on; the page needs a fresh start.